 Dungeon Crawl Stone Soup version 0.28-a0-529-g3bad584f25 (webtiles) character file.

Game seed: 5548756920220697463

5308 siradein the Shield-Bearer (level 10, -7/56 HPs)
             Began as a Vine Stalker Fighter on Sept 24, 2021.
             Was a Believer of Okawaru.
             Mangled by a chaos spawn (14 damage)
             ... summoned by a kobold demonologist
             ... on level 9 of the Dungeon on Sept 25, 2021.
             The game lasted 00:18:40 (8356 turns).

siradein the Shield-Bearer (Vine Stalker Fighter)   Turns: 8356, Time: 00:18:41

Health: -7/56      AC: 14    Str: 27    XL:     10   Next: 64%
Magic:  0/11       EV:  7    Int:  8    God:    Okawaru [**....]
Gold:   486        SH: 12    Dex: 15    Spells: 9/9 levels left

rFire   . . .      SeeInvis +   E - +3 long sword
rCold   . . .      Faith    .   B - +2 kite shield
rNeg    . . .      Spirit   +   G - +0 chain mail
rPois   .          Reflect  .   (no helmet)
rElec   .          Harm     .   M - +0 cloak
rCorr   .          Rampage  .   I - +0 pair of gloves
Will    +....                   y - +0 pair of boots
Stlth   ..........              (no amulet)
HPRegen 1.18/turn               n - ring of see invisible
MPRegen 0.12/turn               b - +6 ring of strength

@: no status effects
A: fangs 3, regeneration 1, magic shield, antimagic bite, no potion heal 2
a: Renounce Religion, Heroism


You were on level 9 of the Dungeon.
You worshipped Okawaru.
Okawaru was pleased with you.
You visited 2 branches of the dungeon, and saw 10 of its levels.
You also visited: Sewer.

You collected 486 gold pieces.

Inventory:

Hand Weapons
 E - a +3 long sword (weapon)
Missiles
 e - 23 poisoned darts (quivered)
 K - a curare-tipped dart
 L - 2 throwing nets
Armour
 y - a +0 pair of boots (worn)
 B - a +2 kite shield (worn)
 G - a +0 chain mail (worn)
 I - a +0 pair of gloves (worn)
 M - a +0 cloak (worn)
Jewellery
 b - a +6 ring of strength (right hand)
 j - a ring of magical power
 l - a ring of flight
 n - a ring of see invisible (left hand)
 t - a +4 ring of evasion
 D - a ring of magical power
Wands
 c - a wand of polymorph (11)
 s - a wand of digging (8)
 C - a wand of flame (60)
 N - a wand of iceblast (10)
Scrolls
 a - 2 scrolls of enchant weapon
 g - a scroll of blinking {unknown}
 h - a scroll of brand weapon {unknown}
 o - 4 scrolls of enchant armour
 q - 2 scrolls of summoning
 u - a scroll of magic mapping
 w - a scroll of fear {unknown}
 x - a scroll of fog {unknown}
 z - 3 scrolls of teleportation {unknown}
 H - 4 scrolls of identify
 J - 2 scrolls of amnesia
Potions
 d - 4 potions of might
 f - a potion of experience {unknown}
 i - 2 potions of brilliance
 k - 2 potions of magic {unknown}
 m - 4 potions of degeneration {unknown}
 p - a potion of invisibility {unknown}
 r - 2 potions of haste
 v - 3 potions of heal wounds {unknown}
 A - 3 potions of curing {unknown}
 F - 2 potions of attraction {unknown}


   Skills:
 + Level 7.6 Fighting
 + Level 7.3 Long Blades
 + Level 6.9 Armour
 + Level 7.6 Shields


You had 9 spell levels left.
You didn't know any spells.
Your spell library contained the following spells:

 Spells                   Type           Power      Damage    Failure   Level
 Apportation              Tloc           0%         N/A       99%         1
 Corpse Rot               Necr/Air       N/A        N/A       100%        2
 Ignite Poison            Fire/Tmut/Pois 0%         N/A       100%        3
 Mephitic Cloud           Conj/Pois/Air  0%         N/A       100%        3
 Portal Projectile        Hex/Tloc       0%         N/A       100%        3
 Dispel Undead            Necr           0%         3d6       100%        4
 Leda's Liquefaction      Hex/Erth       0%         N/A       100%        4
 Alistair's Intoxication  Tmut/Pois      0%         N/A       100%        5
 Freezing Cloud           Conj/Ice/Air   0%         6-21      100%        5
 Invisibility             Hex            0%         N/A       100%        6
 Call Canine Familiar     Summ           Unusable   N/A       N/A         3
 Death Channel            Necr           Unusable   N/A       N/A         6

Dungeon Overview and Level Annotations

Branches:
Dungeon (9/15)             Temple (1/1) D:7           Sewer (visited)
   Lair: D:8-11         Orc: D:9-12

Altars:
Ashenzari
Cheibriados
Dithmenos
Elyvilon
Fedhas
Gozag
Hepliaklqana
Kikubaaqudgha
Makhleb
Nemelex Xobeh
Okawaru
Qazlal
Ru
Sif Muna
Trog
Uskayaw
Vehumet
Wu Jian
Xom
Yredelemnul
Zin
The Shining One

Shops:
D:3 *

Annotations:
D:6 3 runed translucent doors, dduke234's ghost, novice OgCK


Innate Abilities, Weirdness & Mutations

You have razor-sharp teeth.
Your natural rate of healing is unusually fast.
When hurt, damage is shared between your health and your magic reserves.
Your bite disrupts and absorbs the magic of your enemies.
Potions cannot restore your health.


Message History

The smoke demon barely misses you. You block the iron imp's attack.
The chaos spawn gores you but does no damage.
The kobold demonologist gestures wildly while chanting.
You block the orange demon's attack.
You hit the kobold demonologist but do no damage.
You bite the kobold demonologist.
The kobold demonologist's magic leaks into the air.
You drain its magic.
You feel invigorated.
The kobold demonologist is moderately wounded.
The smoke demon gestures at you. Something smites you!
You block the iron imp's attack. The chaos spawn hits you!
You block the kobold demonologist's attack.
The orange demon stings you from afar. The smoke demon gestures at you.
Something smites you!
You barely miss the kobold demonologist.
Your bite misses the kobold demonologist.
The kobold demonologist is moderately wounded.
The chaos spawn hits you but does no damage.
The kobold demonologist hits you but does no damage.
The iron imp hits you but does no damage.
The orange demon stings you but does no damage.
The smoke demon gestures at you. You block the sticky flame.
You hit the kobold demonologist. You bite the kobold demonologist.
The kobold demonologist's magic leaks into the air.
You drain its magic.
You feel invigorated.
The kobold demonologist is heavily wounded.
The chaos spawn hits you but does no damage.
The kobold demonologist falters for a moment.
You block the iron imp's attack.
The orange demon stings you but does no damage.
The smoke demon gestures at you. Something smites you!
* * * LOW HITPOINT WARNING * * *
The chaos spawn hits you!
* * * LOW HITPOINT WARNING * * *
The chaos spawn freezes you!
You die...

........###.........##)##### #..
.................#####.).# #..
..........##.#(.....####.## ##..
.........###.........###..# #...
........####..........###.####...
.......###....>.......###...##...
..._..###..#.....................
.._8_.#...##..=.3K4((((###.......
#.._...........5@4....# #.###...
#.....#######....5.........# ##..
####### #........(..########..
#............ ......
#........?)## ###### #..........#
#..........# ##........##


You could see an orange demon (summoned), a kobold demonologist (poisoned), a
smoke demon (summoned), a chaos spawn (summoned) and 2 iron imps.

Vanquished Creatures
  Eustachio (D:5)
  3 yaks (D:4)
  2 water moccasins
  3 ice beasts
  2 orc warriors
  3 sky beasts
  A swamp drake (D:9)
  3 necrophages
  2 ogres
  5 centaurs
  5 bullfrogs
  2 kobold brigands (D:8)
  5 scorpions
  2 water moccasin skeletons
  3 wights
  4 killer bees
  A howler monkey (D:9)
  A crimson imp (D:9)
  4 centaur zombies
  A bullfrog zombie (D:5)
  3 bullfrog skeletons
  An iron imp (D:9)
  5 hounds
  5 jellies
  An orc priest (D:9)
  Ijyb (D:5)
  Natasha (thrice) (D:4)
  2 gnoll shamans
  2 iguanas
  5 orc wizards (D:9)
  A killer bee zombie (D:7)
  2 howler monkey zombies
  13 gnolls
  11 adders
  A shadow imp (D:9)
  4 white imps
  6 worms
  A dart slug (D:4)
  15 orcs
  7 endoplasms
  2 giant cockroaches (D:2)
  6 goblins
  5 hobgoblins
  11 jackals
  6 quokkas
  11 ball pythons
  8 bats
  11 frilled lizards
  19 kobolds
  4 rats
225 creatures vanquished.

Vanquished Creatures (others)
  An orc (D:9)
  14 plants
15 creatures vanquished.

Grand Total: 240 creatures vanquished

Notes
Turn   | Place    | Note
-------+----------+-------------------------------------------
     0 | D:1      | siradein the Vine Stalker Fighter began the quest for the
                  | Orb.
     0 | D:1      | Reached XP level 1. HP: 11/11 MP: 2/2
   222 | D:1      | Reached XP level 2. HP: 15/16 MP: 3/3
   420 | D:1      | Reached XP level 3. HP: 20/20 MP: 4/4
   460 | D:1      | Found a faded altar of an unknown god.
  1436 | D:2      | Gained mutation: Your natural rate of healing is unusually
                  | fast. [Vine Stalker growth]
  1436 | D:2      | Reached XP level 4. HP: 11/24 MP: 5/5
  1959 | D:3      | Found Nucun's General Store.
  2182 | D:3      | Reached XP level 5. HP: 27/28 MP: 6/6
  2459 | D:3      | You fall into a shaft and drop 1 floor!
  2469 | D:4      | Noticed an ogre
  2481 | D:4      | Killed an ogre
  2496 | D:4      | Reached XP level 6. HP: 21/33 MP: 4/7
  2900 | D:4      | Noticed Natasha
  2905 | D:4      | Killed Natasha
  2970 | D:4      | Noticed Natasha
  2976 | D:4      | Killed Natasha
  3095 | D:4      | Noticed Natasha
  3188 | D:4      | Killed Natasha
  3278 | D:5      | Entered Level 5 of the Dungeon
  3278 | D:5      | Noticed a yak
  3278 | D:5      | Noticed a yak
  3279 | D:5      | Noticed a yak
  3289 | D:4      | Killed a yak
  3290 | D:4      | Reached XP level 7. HP: 37/37 MP: 8/8
  3368 | D:4      | Killed a yak
  3372 | D:4      | Killed a yak
  3432 | D:5      | Gained mutation: You have razor-sharp teeth. [Vine Stalker
                  | growth]
  3432 | D:5      | Reached XP level 8. HP: 32/42 MP: 5/9
  3478 | D:5      | Reached skill level 5 in Fighting
  3478 | D:5      | Reached skill level 5 in Shields
  3527 | D:5      | Noticed Eustachio
  3559 | D:5      | Killed Eustachio
  3589 | D:5      | Found a shadowy altar of Dithmenos.
  3663 | D:5      | Reached skill level 5 in Long Blades
  3669 | D:5      | Reached skill level 5 in Armour
  3678 | D:5      | Found a glowing drain.
  3704 | Sewer    | Entered a sewer
  4371 | D:5      | Reached XP level 9. HP: 44/48 MP: 10/10
  4627 | D:5      | Noticed Ijyb
  4643 | D:5      | Killed Ijyb
  5018 | D:6      | Found a runed translucent gate.
  5018 | D:6      | Found a runed translucent gate.
  5230 | D:6      | Found a runed translucent gate.
  5235 | D:6      | Noticed dduke234's ghost (novice OgCK)
  5704 | D:7      | Found a staircase to the Ecumenical Temple.
  5722 | Temple   | Entered the Ecumenical Temple
  5907 | Temple   | Became a worshipper of Warmaster Okawaru
  6255 | D:7      | Reached XP level 10. HP: 53/53 MP: 11/11
  6410 | D:7      | Reached * piety under Okawaru
  6493 | D:7      | Found an ornate altar of the Wu Jian Council.
  7447 | D:8      | Found a shimmering blue altar of Sif Muna.
  7994 | D:9      | Found a hazy altar of Hepliaklqana.
  8163 | D:9      | Reached ** piety under Okawaru
  8298 | D:9      | Found a sparkling altar of Nemelex Xobeh.
  8299 | D:9      | Found a stormy altar of Qazlal.
  8299 | D:9      | Found a snail-covered altar of Cheibriados.
  8321 | D:9      | Found an opulent altar of Gozag.
  8343 | D:9      | Identified the +3 flail "Cimimuh" {freeze, Will+ Str+4}
  8343 | D:9      | Noticed a kobold demonologist
  8348 | D:9      | Noticed a smoke demon
  8352 | D:9      | Noticed an orange demon
  8356 | D:9      | Mangled by a chaos spawn

Illustrated notes

Levels and vault maps discovered:
D:1:      dpeg_arrival_shelter, layout_rooms, ebering_ecumenical_altar_mist
D:2:      layout_basic
D:3:      layout_basic, serial_shops, shop_fountains
D:4:      layout_cave_pools, uniq_natasha
D:5:      layout_rooms, nicolae_dithmenos_through_a_glass_darkly,
          cheibrodos_sewer_entry_bend, nrook_loot_triangle,
          chequers_serial_rivers_micro_e, minmay_starry_boxes, uniq_ijyb,
          uniq_eustachio
D:6:      layout_basic, gammafunk_ghost_split
D:7:      layout_rooms, nicolae_wu_jian_immortal_techniques,
          minmay_temple_entry_mini_moons, dk_noncrumbling_2
D:8:      layout_layer_cave, led_sif_book
D:9:      layout_rooms, mainiacjoe_overflow_chevrons,
          chequers_temple_overflow_statue_of_worship, hangedman_minor_magic
Temple:   eino_narrow_crystal_temple

Skill      XL: |  1  2  3  4  5  6  7  8  9 10 |
---------------+-------------------------------+-----
Long Blades    | 2 3 4 5 6 7 |  7.3
Fighting       | 3 4 5 6 7 |  7.6
Shields        | 3 4 5 6 7 |  7.6
Armour         | 3 4 5 6 |  6.9

Action                   |  1- 3 |  4- 6 |  7- 9 | 10-12 || total
-------------------------+-------+-------+-------+-------++-------
Melee: Long sword        |    96 |   119 |   364 |   173 ||   752
       Bite              |    20 |    34 |   138 |    79 ||   271
Throw: Dart              |       |     8 |     6 |     8 ||    22
  Use: Scroll            |       |       |     7 |       ||     7
Armor: Scale mail        |    48 |     1 |       |       ||    49
       Chain mail        |       |    54 |   156 |    82 ||   292
       Skin              |       |       |     3 |       ||     3
Dodge: Dodged            |    65 |    38 |   168 |    42 ||   313
Block: Buckler           |    18 |    14 |       |       ||    32
       Kite shield       |       |    12 |   270 |   143 ||   425

Table legend: (Time is in decaauts)
 A = Elapsed time spent in this place.
 B = Non-inter-level travel time spent in this place.
 C = Inter-level travel time spent in this place.
 D = Time resting spent in this place.
 E = Time spent auto-exploring this place.
 F = Levels seen in this place.
 G = Mean time per level.
                   A        B        C        D        E       F      G
               +--------+--------+--------+--------+--------+-----+--------+
         Total |   8755 |   8594 |    161 |     59 |   6098 |  11 |  795.9 |
       Dungeon |   7832 |   7677 |    155 |     59 |   5388 |   9 |  870.2 |
        Temple |    200 |    194 |      6 |      0 |    172 |   1 |  200.0 |
         Sewer |    723 |    723 |      0 |      0 |    538 |   1 |  723.0 |
               +--------+--------+--------+--------+--------+-----+--------+

Top non-repeatable levels by time:
     D:2: 1367 daAuts
     D:8: 1268 daAuts
     D:5: 1157 daAuts
     D:3: 808 daAuts
   Sewer: 723 daAuts
     D:7: 722 daAuts
     D:6: 671 daAuts
     D:4: 658 daAuts
     D:1: 619 daAuts
     D:9: 558 daAuts
  Temple: 200 daAuts
